 Dungeon Crawl Stone Soup version 0.14.1-24-gbdbe590 (webtiles) character file.

402 Kenran the Carver (level 6, -3/51 HPs)
             Began as a Minotaur Berserker on June 19, 2014.
             Was a High Priest of Trog.
             Splashed by a jelly's acid (9 damage)
             ... in a sewer.
             The game lasted 00:15:14 (2822 turns).

Kenran the Carver (Minotaur Berserker)              Turns: 2822, Time: 00:15:15

HP  -3/51        AC  3     Str 21      XL: 6   Next: 43%
MP   3/3         EV  9     Int  6      God: Trog [*****.]
Gold 30          SH  0     Dex 12      Spells:  0 memorised,  5 levels left

rFire  . . .     SeeInvis .     a - +0 falchion
rCold  . . .     Clarity  .     l - -2 scale mail
rNeg   . . .     Conserve +     (no shield)
rPois  .         rCorr    .     (helmet restricted)
rElec  .         rRot     .     (no cloak)
SustAb . .       Spirit   .     s - -2 pair of gloves
rMut   .         Warding  .     (no boots)
Saprov . . .     Stasis   .     f - amulet of conservation
MR     .....                    (no ring)
                                (no ring)

@: not resistant to hostile enchantments, extremely unstealthy
A: retaliatory headbutt, horns 2, clever 1
a: Burn Spellbooks, Berserk, Trog's Hand, Brothers in Arms, Renounce Religion


You were in a sewer.
You worshipped Trog.
Trog was extremely pleased with you.
You were not hungry.

You visited 1 branch of the dungeon, and saw 4 of its levels.
You also visited: Sewer.

You collected 102 gold pieces.
You spent 72 gold pieces at shops.

Inventory:

Hand weapons
 a - a +0,+0 falchion (weapon)
 p - a +0,+1 long sword
Armour
 b - a +1 animal skin
 l - a -2 scale mail (worn)
 s - a -2 pair of gloves (worn)
Magical devices
 x - a wand of flame (0)
Comestibles
 c - 3 bread rations
 r - a meat ration
 t - an apple
 u - a beef jerky
 z - a slice of pizza
Scrolls
 e - 2 scrolls of fog
 g - 2 scrolls of identify
 n - 3 scrolls of teleportation
Jewellery
 f - an amulet of conservation (around neck)
Potions
 d - a potion of curing
 h - a potion of haste
 k - 2 potions of heal wounds
 m - a potion of agility {unknown}
 o - a potion of poison {unknown}
 q - a potion of brilliance {unknown}
 v - a potion of resistance
 w - a potion of degeneration {unknown}


   Skills:
 - Level 3.6 Fighting
 + Level 8.8 Long Blades
 - Level 2.4 Armour
 - Level 2.1 Dodging


You had 5 spell levels left.
You didn't know any spells.

Dungeon Overview and Level Annotations

Branches:
Dungeon (4/15)
 Temple: D:4-7

Altars:
Makhleb
Okawaru
Vehumet

Shops:
D:4 %


Innate Abilities, Weirdness & Mutations

You reflexively headbutt those who attack you in melee.
You have a pair of horns on your head.
Your mind is acute. (Int +2)


Message History

The acid corrodes your +0 pair of gloves!
The acid corrodes your +0 scale mail!
The acid burns!
Your unstable footing causes you to fumble your attack.
The jelly hits you but does no damage.
Your unstable footing causes you to fumble your attack.
The jelly hits you.
You are splashed with acid!
The acid corrodes your -1 scale mail!
The acid burns!
* * * LOW HITPOINT WARNING * * *
Your unstable footing causes you to fumble your attack.
The jelly hits you but does no damage.
Your unstable footing causes you to fumble your attack.
The jelly barely misses you.
Your unstable footing causes you to fumble your attack.
Your unstable footing causes you to fumble your attack.
The jelly hits you.
* * * LOW HITPOINT WARNING * * *
You are splashed with acid!
The acid corrodes your -1 pair of gloves!
The acid burns!
You die...

#≈≈≈######
####.≈≈..≈≈≈≈
##≈≈#.≈≈≈≈####
####.≈≈#######
##≈≈≈≈.≈≈#
##≈≈≈≈#≈.##
#≈≈≈≈##J≈#
##.J≈##≈≈##
#≈≈@≈#≈≈≈#
##≈≈≈##..≈#
#.≈≈.#≈≈≈≈#
#∩.≈≈#.≈≈≈#
#.≈≈≈#≈≈≈≈#
##≈≈≈##≈≈≈#
#≈≈≈≈# ≈.≈
##≈≈≈##
#≈≈≈.##


You could see a jelly.

Vanquished Creatures
  A jelly (Sewer)
  A crimson imp (D:3)
  A worker ant (D:4)
  A gnoll (D:3)
  8 adders
  10 giant mites
  A worm (D:2)
  9 giant geckos
  An ooze (D:3)
  11 orcs
  10 bats
  5 giant cockroaches (Sewer)
  6 goblins
  10 hobgoblins
  3 jackals (D:3)
  9 kobolds
  13 ball pythons
  9 giant newts
  6 rats
  A rat skeleton (D:4)
116 creatures vanquished.

Notes
Turn   | Place    | Note
--------------------------------------------------------------
     0 | D:1      | Kenran, the Minotaur Berserker, began the quest for the Orb.
     0 | D:1      | Reached XP level 1. HP: 19/19 MP: 1/1
   292 | D:1      | Reached skill level 4 in Long Blades
   321 | D:1      | Reached XP level 2. HP: 20/26 MP: 1/1
   450 | D:1      | Acquired Trog's second power
   553 | D:2      | Reached skill level 5 in Long Blades
   621 | D:2      | Reached XP level 3. HP: 16/31 MP: 2/2
  1011 | D:2      | Reached skill level 6 in Long Blades
  1011 | D:2      | Reached XP level 4. HP: 35/39 MP: 2/2
  1898 | D:3      | Acquired Trog's third power
  1921 | D:3      | Found a burning altar of Makhleb.
  1921 | D:3      | Found a radiant altar of Vehumet.
  1930 | D:3      | Reached skill level 7 in Long Blades
  1930 | D:3      | Reached XP level 5. HP: 32/45 MP: 2/2
  2226 | D:3      | Found an iron altar of Okawaru.
  2324 | D:3      | Gained mutation: Your mind is acute. (Int +2) [potion of beneficial mutation]
  2391 | D:4      | Found Loabroat's Food Shop.
  2395 | D:4      | Bought a bread ration for 57 gold pieces
  2395 | D:4      | Bought a cheese for 15 gold pieces
  2563 | D:4      | Found a glowing drain.
  2571 | Sewer    | Entered a sewer
  2582 | Sewer    | Reached skill level 8 in Long Blades
  2598 | Sewer    | Reached XP level 6. HP: 46/51 MP: 3/3
  2822 | Sewer    | Splashed by a jelly's acid

Action                   |  1- 3 |  4- 6 || total
-------------------------+-------+-------++-------
Melee: Falchion          |    68 |    46 ||   114
       Long sword        |       |   161 ||   161
  Use: Scroll            |     6 |     7 ||    13
       Potion            |       |     2 ||     2
